Canadiens vs Bruins (R4)

Created - April 10, 2024 at 21:59

Goals
1 2 3 OT1 T
Canadiens 1 0 1 0 2
Bruins 0 1 1 1 3
Shots
1 2 3 OT1 T
Canadiens 6 8 8 9 31
Bruins 2 19 11 7 39

GoalsPenalties
1st period
1. Canadiens , Ryan O'Reilly 1 (Teuvo Teravainen 2, Adam Pelech 1) at 11:46
Brett Pesce (BOS) for Hooking (Minor) at 7:12
Daniel Sprong (MTL) for Tripping (Minor) at 7:12
2nd period
2. Bruins , Brandon Saad 3 (Trevor Zegras 3, Tom Wilson 2) at 11:37
Andrew Mangiapane (BOS) for Charging (Minor) at 3:51
Ivan Provorov (MTL) for Hooking (Minor) at 16:21
3rd period
3. Canadiens , Filip Forsberg 2 (Ivan Provorov 1, Valeri Nichushkin 2) at 5:49 (PP)
4. Bruins , Brady Skjei 2 (Anze Kopitar 1, Cam Fowler 1) at 17:52 (PP)
Brett Pesce (BOS) for Tripping (Minor) at 2:46
Andrew Mangiapane (BOS) for Tripping (Minor) at 4:51
Ryan Suter (MTL) for Holding (Minor) at 16:36
Overtime #1
5. Bruins , Brandon Saad 4 (Tom Wilson 3) at 13:30
Dmitry Kulikov (BOS) for Hooking (Minor) at 1:52
Mattias Ekholm (MTL) for Cross-checking (Minor) at 5:34
Trevor Zegras (BOS) for Interference (Minor) at 9:12
Goalie Stats
Elvis Merzlikins (MTL), 36 saves from 39 shots - (0.923), OTL, 0-0-1, 73:31 minutes
Jake Oettinger (BOS), 29 saves from 31 shots - (0.935), W, 3-0-0, 73:31 minutes
3 StarsOfficial
1 - Brandon Saad (BOS)
2 - Tom Wilson (BOS)
3 - Brady Skjei (BOS)
Referees : Francis Charron and Chris Rooney
Linesman : Brent Hooks and Shandor Alphonso
Game Note
No Game Note
Finance
Level 1 -- Attendance: 6000 (100.00%) -- Ticket Income $708,000
Level 2 -- Attendance: 5000 (100.00%) -- Ticket Income $375,000
Level 3 -- Attendance: 3430 (98.00%) -- Ticket Income $164,640
Level 4 -- Attendance: 3143 (98.84%) -- Ticket Income $94,290
Luxury Box -- Attendance: 1000 (100.00%) -- Ticket Income $211,000
Game was played at the TD Garden.
Total Attendance: 18573 (99.43%)
Total Ticket Income: $1,552,930
Other Income: $388,232
Total Income: $1,941,162



Team Name Goals Shots Shots Attemp Shots Blocked PIM HIT PP PK FO%
Canadiens 23167158311 / 5 (20%)152%
Bruins 339761112331 / 3 (33%)148%

Canadiens
Player Name POS G A P +/- PIM HIT SHT SB MP PP MP PP SHT PK MP PK SHT FO% FOT
Adam PelechD0111050120:110:0001:4600% 0
Alex GoligoskiD0001030114:040:0000:0000% 0
Alexander KerfootC0000001011:290:0003:48053% 19
Andrew CoglianoC000001008:570:0001:1600% 0
Anthony ManthaRW000-2011014:360:0000:0000% 0
Artturi LehkonenLW0001013025:034:5923:200100% 1
Brendan GallagherRW000001007:410:0000:00050% 2
Daniel SprongRW000-2222114:350:0000:0000% 0
Filip ForsbergLW1010043023:343:5530:1400% 1
Ivan ProvorovD011-2251128:224:0511:4800% 0
Jaccob SlavinD0000002530:054:0513:1100% 0
Lars EllerC000-2001114:360:0000:00047% 17
Leon DraisaitlC0000006023:153:5500:00055% 31
Mattias EkholmD0000250428:564:4901:1900% 0
Ryan O'ReillyC1011008124:354:5941:50050% 34
Ryan SuterD000-2211025:214:4902:2400% 0
Teuvo TeravainenLW0111022021:434:5910:00050% 4
Valeri NichushkinRW0110000023:153:5500:00067% 3
Bruins
Player Name POS G A P +/- PIM HIT SHT SB MP PP MP PP SHT PK MP PK SHT FO% FOT
Alex IafalloLW000-1003118:380:0000:000100% 2
Andrew MangiapaneLW0000422023:332:5500:0000% 2
Anze KopitarC0110013022:592:1910:00050% 26
Brady SkjeiD1011031023:402:4410:2000% 0
Brandon SaadLW2022002021:152:1900:00033% 3
Brett PesceD0000431122:190:0003:3600% 0
Bryan RustRW0000052023:352:5500:00033% 3
Cam FowlerD0111020025:092:4400:5900% 0
Charlie CoyleC000-1014018:050:0005:30061% 31
Dmitry KulikovD0000211221:412:3010:0000% 0
Jamie OleksiakD0000020110:580:0004:5500% 0
Mark GiordanoD0000010317:580:0003:5900% 0
Nick PaulLW000001018:370:0003:24050% 2
Nicolas RoyC000001209:270:0003:24030% 10
T.J. BrodieD0000051025:142:3003:5900% 0
Tom WilsonRW0222059021:152:1910:00050% 2
Trevor ZegrasC0112205022:592:5510:00043% 30
Yegor SharangovichC000-1003219:140:0005:3000% 1



Play-by-Play

1st period


0:01 of 1st period - Leon Draisaitl wins face-off versus Anze Kopitar in neutral zone.
0:21 of 1st period - Shot by Bryan Rust.
0:21 of 1st period - Shot Blocked by Mattias Ekholm.
1:12 of 1st period - Icing by Ivan Provorov.
1:13 of 1st period - Teuvo Teravainen wins face-off versus Charlie Coyle in Canadiens zone.
2:33 of 1st period - Mark Giordano is hit by Daniel Sprong.
2:48 of 1st period - Icing by Adam Pelech.
2:49 of 1st period - Lars Eller wins face-off versus Trevor Zegras in Canadiens zone.
3:09 of 1st period - Shot by Tom Wilson.
3:09 of 1st period - Stopped by Elvis Merzlikins without a rebound.
3:10 of 1st period - Brendan Gallagher wins face-off versus Andrew Mangiapane in Canadiens zone.
3:10 of 1st period - Brendan Gallagher is hit by Bryan Rust.
3:38 of 1st period - Shot by Brendan Gallagher.
3:38 of 1st period - Shot Misses the Net.
3:44 of 1st period - Shot by Brendan Gallagher.
3:44 of 1st period - Shot Misses the Net.
4:13 of 1st period - Icing by Leon Draisaitl.
4:14 of 1st period - Leon Draisaitl wins face-off versus Trevor Zegras in Canadiens zone.
4:16 of 1st period - Icing by Valeri Nichushkin.
4:17 of 1st period - Leon Draisaitl wins face-off versus Trevor Zegras in Canadiens zone.
4:17 of 1st period - Leon Draisaitl is hit by Tom Wilson.
4:51 of 1st period - Brett Pesce is hit by Filip Forsberg.
5:45 of 1st period - Shot by Alex Iafallo.
5:45 of 1st period - Shot Misses the Net.
5:57 of 1st period - Ryan O'Reilly is hit by Nick Paul and loses puck.
6:16 of 1st period - Shot by Daniel Sprong.
6:16 of 1st period - Shot Misses the Net.
6:23 of 1st period - Icing by Jamie Oleksiak.
6:24 of 1st period - Alex Iafallo wins face-off versus Brendan Gallagher in Bruins zone.
6:26 of 1st period - Icing by Nicolas Roy.
6:27 of 1st period - Nicolas Roy wins face-off versus Lars Eller in Bruins zone.
6:41 of 1st period - Icing by Adam Pelech.
6:42 of 1st period - Anze Kopitar wins face-off versus Lars Eller in Canadiens zone.
7:06 of 1st period - Daniel Sprong is hit by T.J. Brodie and loses puck.
7:12 of 1st period - Minor Penalty to Brett Pesce for Hooking.
7:12 of 1st period - Minor Penalty to Daniel Sprong for Tripping.
7:13 of 1st period - Leon Draisaitl wins face-off versus Nicolas Roy in Bruins zone.
7:18 of 1st period - Shot by Leon Draisaitl.
7:18 of 1st period - Stopped by Jake Oettinger without a rebound.
7:19 of 1st period - Ryan O'Reilly wins face-off versus Nicolas Roy in Bruins zone.
7:25 of 1st period - Ryan O'Reilly is hit by Cam Fowler and loses puck.
8:05 of 1st period - Shot by Filip Forsberg.
8:05 of 1st period - Shot Misses the Net.
10:07 of 1st period - T.J. Brodie is hit by Mattias Ekholm.
10:25 of 1st period - Brady Skjei is hit by Daniel Sprong and loses puck.
10:31 of 1st period - Icing by Jaccob Slavin.
10:32 of 1st period - Lars Eller wins face-off versus Trevor Zegras in Canadiens zone.
10:32 of 1st period - Lars Eller is hit by Tom Wilson.
10:50 of 1st period - Shot by Trevor Zegras.
10:50 of 1st period - Stopped by Elvis Merzlikins without a rebound.
10:51 of 1st period - Charlie Coyle wins face-off versus Leon Draisaitl in Canadiens zone.
10:51 of 1st period - Charlie Coyle is hit by Ivan Provorov.
11:01 of 1st period - Shot by Leon Draisaitl.
11:01 of 1st period - Stopped by Jake Oettinger with a rebound.
11:03 of 1st period - Shot by Valeri Nichushkin.
11:03 of 1st period - Shot Blocked by Dmitry Kulikov.
11:05 of 1st period - Shot by Ryan Suter.
11:05 of 1st period - Stopped by Jake Oettinger with a rebound.
11:07 of 1st period - Shot by Ryan Suter.
11:07 of 1st period - Shot Misses the Net.
11:12 of 1st period - Icing by Dmitry Kulikov.
11:13 of 1st period - Charlie Coyle wins face-off versus Ryan O'Reilly in Bruins zone.
11:46 of 1st period - Shot by Ryan O'Reilly.
11:46 of 1st period - Goal by Ryan O'Reilly - Canadiens : 1 - Bruins : 0.
11:47 of 1st period - Leon Draisaitl wins face-off versus Trevor Zegras in neutral zone.
11:50 of 1st period - Shot by Leon Draisaitl.
11:50 of 1st period - Stopped by Jake Oettinger without a rebound.
11:51 of 1st period - Trevor Zegras wins face-off versus Valeri Nichushkin in Bruins zone.
12:13 of 1st period - Shot by Leon Draisaitl.
12:13 of 1st period - Stopped by Jake Oettinger with a rebound.
12:24 of 1st period - Valeri Nichushkin is hit by Brady Skjei and loses puck.
12:52 of 1st period - Icing by Ivan Provorov.
12:53 of 1st period - Ryan O'Reilly wins face-off versus Anze Kopitar in Canadiens zone.
12:53 of 1st period - Ryan O'Reilly is hit by Anze Kopitar.
12:59 of 1st period - Anze Kopitar is hit by Teuvo Teravainen and loses puck.
13:45 of 1st period - Icing by Ivan Provorov.
13:46 of 1st period - Alex Iafallo wins face-off versus Ryan O'Reilly in Canadiens zone.
13:51 of 1st period - Shot by Charlie Coyle.
13:51 of 1st period - Shot Misses the Net.
14:25 of 1st period - Shot by Valeri Nichushkin.
14:25 of 1st period - Shot Blocked by Mark Giordano.
14:27 of 1st period - Shot by Filip Forsberg.
14:27 of 1st period - Shot Blocked by Alex Iafallo.
15:13 of 1st period - Icing by Trevor Zegras.
15:14 of 1st period - Alexander Kerfoot wins face-off versus Trevor Zegras in Bruins zone.
15:32 of 1st period - Icing by Brandon Saad.
15:33 of 1st period - Ryan O'Reilly wins face-off versus Trevor Zegras in Bruins zone.
15:53 of 1st period - Ryan O'Reilly is hit by Cam Fowler and loses puck.
17:46 of 1st period - Shot by Alex Iafallo.
17:46 of 1st period - Shot Misses the Net.
17:48 of 1st period - Shot by Nick Paul.
17:48 of 1st period - Shot Misses the Net.
18:07 of 1st period - Off-side.
18:08 of 1st period - Ryan O'Reilly wins face-off versus Tom Wilson in neutral zone.
19:35 of 1st period - Icing by Jaccob Slavin.
19:36 of 1st period - Alexander Kerfoot wins face-off versus Anze Kopitar in Canadiens zone.
19:36 of 1st period - Alexander Kerfoot is hit by Bryan Rust.
Goals for this period are 1 for Canadiens vs 0 for Bruins.
Shots for this period are 6 for Canadiens vs 2 for Bruins.

2nd period


0:01 of 2nd period - Anze Kopitar wins face-off versus Leon Draisaitl in neutral zone.
0:08 of 2nd period - Anze Kopitar is hit by Mattias Ekholm and loses puck.
0:22 of 2nd period - Anze Kopitar is hit by Mattias Ekholm and loses puck.
0:27 of 2nd period - Shot by Bryan Rust.
0:27 of 2nd period - Shot Misses the Net.
0:29 of 2nd period - Shot by Anze Kopitar.
0:29 of 2nd period - Stopped by Elvis Merzlikins without a rebound.
0:30 of 2nd period - Charlie Coyle wins face-off versus Lars Eller in Canadiens zone.
0:47 of 2nd period - Shot by Daniel Sprong.
0:47 of 2nd period - Stopped by Jake Oettinger without a rebound.
0:48 of 2nd period - Trevor Zegras wins face-off versus Alexander Kerfoot in Bruins zone.
1:15 of 2nd period - Shot by Tom Wilson.
1:15 of 2nd period - Stopped by Elvis Merzlikins with a rebound.
1:52 of 2nd period - Cam Fowler is hit by Filip Forsberg and loses puck.
2:00 of 2nd period - Leon Draisaitl is hit by Brady Skjei and loses puck.
2:19 of 2nd period - Shot by Leon Draisaitl.
2:19 of 2nd period - Stopped by Jake Oettinger without a rebound.
2:20 of 2nd period - Anze Kopitar wins face-off versus Lars Eller in Bruins zone.
2:27 of 2nd period - Ivan Provorov is hit by Bryan Rust.
2:41 of 2nd period - Shot by Daniel Sprong.
2:41 of 2nd period - Shot Misses the Net.
2:49 of 2nd period - Ryan Suter is hit by Bryan Rust and loses puck.
2:56 of 2nd period - Shot by Anze Kopitar.
2:56 of 2nd period - Stopped by Elvis Merzlikins without a rebound.
2:57 of 2nd period - Charlie Coyle wins face-off versus Ryan O'Reilly in Canadiens zone.
2:58 of 2nd period - Shot by Alex Iafallo.
2:58 of 2nd period - Shot Blocked by Alex Goligoski.
3:00 of 2nd period - Shot by Yegor Sharangovich.
3:00 of 2nd period - Stopped by Elvis Merzlikins without a rebound.
3:01 of 2nd period - Charlie Coyle wins face-off versus Ryan O'Reilly in Canadiens zone.
3:04 of 2nd period - Shot by Yegor Sharangovich.
3:04 of 2nd period - Stopped by Elvis Merzlikins without a rebound.
3:05 of 2nd period - Charlie Coyle wins face-off versus Leon Draisaitl in Canadiens zone.
3:10 of 2nd period - Shot by Mark Giordano.
3:10 of 2nd period - Shot Misses the Net.
3:12 of 2nd period - Shot by Charlie Coyle.
3:12 of 2nd period - Stopped by Elvis Merzlikins with a rebound.
3:14 of 2nd period - Shot by Charlie Coyle.
3:14 of 2nd period - Shot Blocked by Jaccob Slavin.
3:30 of 2nd period - Shot by Alex Iafallo.
3:30 of 2nd period - Shot Misses the Net.
3:32 of 2nd period - Shot by Charlie Coyle.
3:32 of 2nd period - Stopped by Elvis Merzlikins without a rebound.
3:33 of 2nd period - Ryan O'Reilly wins face-off versus Anze Kopitar in Canadiens zone.
3:51 of 2nd period - Minor Penalty to Andrew Mangiapane for Charging.
3:52 of 2nd period - Leon Draisaitl wins face-off versus Charlie Coyle in Bruins zone.
3:52 of 2nd period - Jaccob Slavin is hit by Jamie Oleksiak and loses puck.
4:23 of 2nd period - Shot by Jaccob Slavin.
4:23 of 2nd period - Shot Misses the Net.
4:25 of 2nd period - Shot by Jaccob Slavin.
4:25 of 2nd period - Stopped by Jake Oettinger without a rebound.
4:26 of 2nd period - Ryan O'Reilly wins face-off versus Nicolas Roy in Bruins zone.
4:26 of 2nd period - Teuvo Teravainen is hit by Mark Giordano and loses puck.
4:36 of 2nd period - Icing by Ryan Suter.
4:37 of 2nd period - Charlie Coyle wins face-off versus Ryan O'Reilly in Canadiens zone.
4:47 of 2nd period - Icing by Artturi Lehkonen.
4:48 of 2nd period - Charlie Coyle wins face-off versus Ryan O'Reilly in Canadiens zone.
5:47 of 2nd period - Off-side.
5:48 of 2nd period - Nicolas Roy wins face-off versus Leon Draisaitl in neutral zone.
6:07 of 2nd period - Shot by Trevor Zegras.
6:07 of 2nd period - Shot Blocked by Daniel Sprong.
6:12 of 2nd period - Tom Wilson is hit by Adam Pelech and loses puck.
6:20 of 2nd period - Icing by Adam Pelech.
6:21 of 2nd period - Anze Kopitar wins face-off versus Lars Eller in Canadiens zone.
6:54 of 2nd period - Off-side.
6:55 of 2nd period - Charlie Coyle wins face-off versus Leon Draisaitl in neutral zone.
7:00 of 2nd period - Shot by Yegor Sharangovich.
7:00 of 2nd period - Shot Misses the Net.
7:26 of 2nd period - Shot by Jaccob Slavin.
7:26 of 2nd period - Stopped by Jake Oettinger without a rebound.
7:27 of 2nd period - Bryan Rust wins face-off versus Ryan O'Reilly in Bruins zone.
7:27 of 2nd period - Bryan Rust is hit by Artturi Lehkonen.
7:55 of 2nd period - Bryan Rust is hit by Ivan Provorov.
7:57 of 2nd period - Shot by T.J. Brodie.
7:57 of 2nd period - Stopped by Elvis Merzlikins without a rebound.
7:58 of 2nd period - Leon Draisaitl wins face-off versus Charlie Coyle in Canadiens zone.
7:58 of 2nd period - Leon Draisaitl is hit by Charlie Coyle.
8:10 of 2nd period - Shot by Filip Forsberg.
8:10 of 2nd period - Shot Misses the Net.
8:30 of 2nd period - Shot by Valeri Nichushkin.
8:30 of 2nd period - Shot Blocked by Dmitry Kulikov.
8:40 of 2nd period - Icing by Valeri Nichushkin.
8:41 of 2nd period - Trevor Zegras wins face-off versus Leon Draisaitl in Canadiens zone.
9:36 of 2nd period - Shot by Ryan O'Reilly.
9:36 of 2nd period - Stopped by Jake Oettinger without a rebound.
9:37 of 2nd period - Lars Eller wins face-off versus Andrew Mangiapane in Bruins zone.
9:40 of 2nd period - Shot by Adam Pelech.
9:40 of 2nd period - Shot Misses the Net.
9:47 of 2nd period - Off-side.
9:48 of 2nd period - Charlie Coyle wins face-off versus Alexander Kerfoot in neutral zone.
10:09 of 2nd period - Shot by Alexander Kerfoot.
10:09 of 2nd period - Stopped by Jake Oettinger without a rebound.
10:10 of 2nd period - Ryan O'Reilly wins face-off versus Anze Kopitar in Bruins zone.
10:10 of 2nd period - Ryan O'Reilly is hit by Brett Pesce.
10:28 of 2nd period - Shot by Andrew Mangiapane.
10:28 of 2nd period - Shot Misses the Net.
10:34 of 2nd period - Shot by Anze Kopitar.
10:34 of 2nd period - Shot Blocked by Ryan O'Reilly.
10:36 of 2nd period - Shot by Andrew Mangiapane.
10:36 of 2nd period - Shot Misses the Net.
10:50 of 2nd period - Shot by Bryan Rust.
10:50 of 2nd period - Shot Misses the Net.
10:52 of 2nd period - Shot by Brett Pesce.
10:52 of 2nd period - Stopped by Elvis Merzlikins without a rebound.
10:53 of 2nd period - Lars Eller wins face-off versus Trevor Zegras in Canadiens zone.
11:35 of 2nd period - Shot by Trevor Zegras.
11:35 of 2nd period - Stopped by Elvis Merzlikins with a rebound.
11:37 of 2nd period - Shot by Brandon Saad.
11:37 of 2nd period - Goal by Brandon Saad - Canadiens : 1 - Bruins : 1.
11:38 of 2nd period - Leon Draisaitl wins face-off versus Nicolas Roy in neutral zone.
11:55 of 2nd period - Shot by Nicolas Roy.
11:55 of 2nd period - Stopped by Elvis Merzlikins without a rebound.
11:56 of 2nd period - Anze Kopitar wins face-off versus Ryan O'Reilly in Canadiens zone.
12:06 of 2nd period - Shot by Bryan Rust.
12:06 of 2nd period - Stopped by Elvis Merzlikins without a rebound.
12:07 of 2nd period - Leon Draisaitl wins face-off versus Charlie Coyle in Canadiens zone.
12:34 of 2nd period - Shot by Mark Giordano.
12:34 of 2nd period - Shot Misses the Net.
12:36 of 2nd period - Shot by Alex Iafallo.
12:36 of 2nd period - Stopped by Elvis Merzlikins without a rebound.
12:37 of 2nd period - Ryan O'Reilly wins face-off versus Anze Kopitar in Canadiens zone.
12:44 of 2nd period - Shot by Teuvo Teravainen.
12:44 of 2nd period - Stopped by Jake Oettinger without a rebound.
12:45 of 2nd period - Ryan O'Reilly wins face-off versus Bryan Rust in Bruins zone.
13:00 of 2nd period - Ivan Provorov is hit by Andrew Mangiapane and loses puck.
13:08 of 2nd period - Off-side.
13:09 of 2nd period - Lars Eller wins face-off versus Trevor Zegras in neutral zone.
13:33 of 2nd period - Shot by Trevor Zegras.
13:33 of 2nd period - Deflect By Brandon Saad.
13:33 of 2nd period - Shot Blocked by Lars Eller.
13:37 of 2nd period - Shot by Trevor Zegras.
13:37 of 2nd period - Shot Misses the Net.
13:54 of 2nd period - Shot by Tom Wilson.
13:54 of 2nd period - Stopped by Elvis Merzlikins without a rebound.
13:55 of 2nd period - Leon Draisaitl wins face-off versus Anze Kopitar in Canadiens zone.
13:55 of 2nd period - Leon Draisaitl is hit by Andrew Mangiapane.
13:58 of 2nd period - Icing by Ivan Provorov.
13:59 of 2nd period - Anze Kopitar wins face-off versus Leon Draisaitl in Canadiens zone.
13:59 of 2nd period - Anze Kopitar is hit by Ivan Provorov.
14:17 of 2nd period - Shot by Anze Kopitar.
14:17 of 2nd period - Shot Misses the Net.
15:02 of 2nd period - Off-side.
15:03 of 2nd period - Ryan O'Reilly wins face-off versus Trevor Zegras in neutral zone.
15:20 of 2nd period - Mattias Ekholm is hit by Tom Wilson and loses puck.
15:47 of 2nd period - Shot by Tom Wilson.
15:47 of 2nd period - Shot Blocked by Jaccob Slavin.
15:49 of 2nd period - Shot by Brandon Saad.
15:49 of 2nd period - Shot Misses the Net.
15:56 of 2nd period - Icing by Mattias Ekholm.
15:57 of 2nd period - Charlie Coyle wins face-off versus Ryan O'Reilly in Canadiens zone.
16:10 of 2nd period - Shot by Alex Iafallo.
16:10 of 2nd period - Deflect By Yegor Sharangovich.
16:10 of 2nd period - Stopped by Elvis Merzlikins without a rebound.
16:11 of 2nd period - Anze Kopitar wins face-off versus Alexander Kerfoot in Canadiens zone.
16:12 of 2nd period - Shot by Bryan Rust.
16:12 of 2nd period - Shot Misses the Net.
16:21 of 2nd period - Minor Penalty to Ivan Provorov for Hooking.
16:22 of 2nd period - Trevor Zegras wins face-off versus Alexander Kerfoot in Canadiens zone.
16:30 of 2nd period - Icing by Bryan Rust.
16:31 of 2nd period - Artturi Lehkonen wins face-off versus Trevor Zegras in Bruins zone.
16:39 of 2nd period - Andrew Mangiapane is hit by Ryan Suter.
16:41 of 2nd period - Shot by Trevor Zegras.
16:41 of 2nd period - Stopped by Elvis Merzlikins without a rebound.
16:42 of 2nd period - Anze Kopitar wins face-off versus Alexander Kerfoot in Canadiens zone.
17:05 of 2nd period - Shot by Brady Skjei.
17:05 of 2nd period - Shot Blocked by Jaccob Slavin.
17:55 of 2nd period - Shot by Dmitry Kulikov.
17:55 of 2nd period - Stopped by Elvis Merzlikins without a rebound.
17:56 of 2nd period - Trevor Zegras wins face-off versus Alexander Kerfoot in Canadiens zone.
18:10 of 2nd period - Andrew Mangiapane is hit by Adam Pelech and loses puck.
18:33 of 2nd period - Shot by Charlie Coyle.
18:33 of 2nd period - Stopped by Elvis Merzlikins without a rebound.
18:34 of 2nd period - Leon Draisaitl wins face-off versus Nick Paul in Canadiens zone.
19:05 of 2nd period - Shot by Ivan Provorov.
19:05 of 2nd period - Shot Misses the Net.
19:11 of 2nd period - Shot by Valeri Nichushkin.
19:11 of 2nd period - Deflect By Leon Draisaitl.
19:11 of 2nd period - Shot Blocked by Mark Giordano.
19:15 of 2nd period - Shot by Valeri Nichushkin.
19:15 of 2nd period - Shot Misses the Net.
19:44 of 2nd period - Shot by Lars Eller.
19:44 of 2nd period - Shot Misses the Net.
19:46 of 2nd period - Shot by Daniel Sprong.
19:46 of 2nd period - Stopped by Jake Oettinger without a rebound.
19:47 of 2nd period - Trevor Zegras wins face-off versus Ryan O'Reilly in Bruins zone.
Goals for this period are 0 for Canadiens vs 1 for Bruins.
Shots for this period are 8 for Canadiens vs 19 for Bruins.

3rd period


0:01 of 3rd period - Anze Kopitar wins face-off versus Alexander Kerfoot in neutral zone.
0:01 of 3rd period - T.J. Brodie is hit by Andrew Cogliano and loses puck.
0:45 of 3rd period - Anze Kopitar is hit by Brendan Gallagher and loses puck.
1:23 of 3rd period - Artturi Lehkonen is hit by Brady Skjei.
1:57 of 3rd period - Shot by Tom Wilson.
1:57 of 3rd period - Stopped by Elvis Merzlikins without a rebound.
1:58 of 3rd period - Trevor Zegras wins face-off versus Lars Eller in Canadiens zone.
2:02 of 3rd period - Tom Wilson is hit by Adam Pelech and loses puck.
2:22 of 3rd period - Tom Wilson is hit by Adam Pelech and loses puck.
2:28 of 3rd period - Brandon Saad is hit by Adam Pelech and loses puck.
2:37 of 3rd period - Shot by Tom Wilson.
2:37 of 3rd period - Stopped by Elvis Merzlikins with a rebound.
2:39 of 3rd period - Shot by Brandon Saad.
2:39 of 3rd period - Deflect By Trevor Zegras.
2:39 of 3rd period - Stopped by Elvis Merzlikins without a rebound.
2:40 of 3rd period - Leon Draisaitl wins face-off versus Anze Kopitar in Canadiens zone.
2:46 of 3rd period - Minor Penalty to Brett Pesce for Tripping.
2:47 of 3rd period - Valeri Nichushkin wins face-off versus Charlie Coyle in Bruins zone.
2:48 of 3rd period - Shot by Ivan Provorov.
2:48 of 3rd period - Shot Blocked by Yegor Sharangovich.
3:24 of 3rd period - Shot by Filip Forsberg.
3:24 of 3rd period - Shot Misses the Net.
3:26 of 3rd period - Shot by Valeri Nichushkin.
3:26 of 3rd period - Shot Misses the Net.
3:28 of 3rd period - Shot by Leon Draisaitl.
3:28 of 3rd period - Shot Misses the Net.
3:30 of 3rd period - Shot by Valeri Nichushkin.
3:30 of 3rd period - Shot Misses the Net.
3:32 of 3rd period - Shot by Valeri Nichushkin.
3:32 of 3rd period - Shot Blocked by Nick Paul.
4:06 of 3rd period - Ryan O'Reilly is hit by T.J. Brodie and loses puck.
4:15 of 3rd period - Shot by Ryan Suter.
4:15 of 3rd period - Shot Misses the Net.
4:19 of 3rd period - Shot by Artturi Lehkonen.
4:19 of 3rd period - Stopped by Jake Oettinger without a rebound.
4:20 of 3rd period - Leon Draisaitl wins face-off versus Charlie Coyle in Bruins zone.
4:51 of 3rd period - Minor Penalty to Andrew Mangiapane for Tripping.
4:52 of 3rd period - Ryan O'Reilly wins face-off versus Charlie Coyle in Bruins zone.
5:09 of 3rd period - Shot by Ryan O'Reilly.
5:09 of 3rd period - Shot Misses the Net.
5:11 of 3rd period - Shot by Ryan Suter.
5:11 of 3rd period - Shot Misses the Net.
5:13 of 3rd period - Shot by Ryan O'Reilly.
5:13 of 3rd period - Shot Blocked by Yegor Sharangovich.
5:15 of 3rd period - Shot by Ryan O'Reilly.
5:15 of 3rd period - Deflect By Artturi Lehkonen.
5:15 of 3rd period - Stopped by Jake Oettinger without a rebound.
5:16 of 3rd period - Nicolas Roy wins face-off versus Leon Draisaitl in Bruins zone.
5:47 of 3rd period - Shot by Valeri Nichushkin.
5:47 of 3rd period - Shot Misses the Net.
5:49 of 3rd period - Shot by Ivan Provorov.
5:49 of 3rd period - Deflect By Filip Forsberg.
5:49 of 3rd period - Goal by Filip Forsberg - Canadiens : 2 - Bruins : 1.
5:50 of 3rd period - Ryan O'Reilly wins face-off versus Anze Kopitar in neutral zone.
5:53 of 3rd period - Shot by Ryan O'Reilly.
5:53 of 3rd period - Shot Misses the Net.
6:30 of 3rd period - Anze Kopitar is hit by Alex Goligoski and loses puck.
6:36 of 3rd period - Anze Kopitar is hit by Alex Goligoski and loses puck.
6:56 of 3rd period - Tom Wilson is hit by Ivan Provorov and loses puck.
7:05 of 3rd period - Shot by Lars Eller.
7:05 of 3rd period - Stopped by Jake Oettinger without a rebound.
7:06 of 3rd period - Charlie Coyle wins face-off versus Leon Draisaitl in Bruins zone.
7:32 of 3rd period - Jamie Oleksiak is hit by Filip Forsberg and loses puck.
7:42 of 3rd period - Icing by Mattias Ekholm.
7:43 of 3rd period - Trevor Zegras wins face-off versus Leon Draisaitl in Canadiens zone.
7:46 of 3rd period - Shot by Trevor Zegras.
7:46 of 3rd period - Stopped by Elvis Merzlikins without a rebound.
7:47 of 3rd period - Lars Eller wins face-off versus Anze Kopitar in Canadiens zone.
7:53 of 3rd period - Off-side.
7:54 of 3rd period - Teuvo Teravainen wins face-off versus Bryan Rust in neutral zone.
8:00 of 3rd period - Ryan Suter is hit by Brett Pesce and loses puck.
8:06 of 3rd period - Artturi Lehkonen is hit by Brett Pesce and loses puck.
8:20 of 3rd period - Teuvo Teravainen is hit by T.J. Brodie and loses puck.
8:28 of 3rd period - Shot by Ryan O'Reilly.
8:28 of 3rd period - Stopped by Jake Oettinger without a rebound.
8:29 of 3rd period - Leon Draisaitl wins face-off versus Trevor Zegras in Bruins zone.
8:46 of 3rd period - Shot by Brandon Saad.
8:46 of 3rd period - Deflect By Tom Wilson.
8:46 of 3rd period - Shot Blocked by Jaccob Slavin.
8:50 of 3rd period - Shot by Brandon Saad.
8:50 of 3rd period - Shot Blocked by Mattias Ekholm.
10:14 of 3rd period - Off-side.
10:15 of 3rd period - Anze Kopitar wins face-off versus Ryan O'Reilly in neutral zone.
10:17 of 3rd period - Bryan Rust is hit by Alex Goligoski and loses puck.
10:52 of 3rd period - Shot by Ryan O'Reilly.
10:52 of 3rd period - Stopped by Jake Oettinger without a rebound.
10:53 of 3rd period - Trevor Zegras wins face-off versus Leon Draisaitl in Bruins zone.
11:17 of 3rd period - Shot by Tom Wilson.
11:17 of 3rd period - Stopped by Elvis Merzlikins without a rebound.
11:18 of 3rd period - Charlie Coyle wins face-off versus Alexander Kerfoot in Canadiens zone.
11:19 of 3rd period - Shot by Alex Iafallo.
11:19 of 3rd period - Stopped by Elvis Merzlikins without a rebound.
11:20 of 3rd period - Alexander Kerfoot wins face-off versus Anze Kopitar in Canadiens zone.
12:26 of 3rd period - Shot by Leon Draisaitl.
12:26 of 3rd period - Stopped by Jake Oettinger with a rebound.
13:11 of 3rd period - Cam Fowler is hit by Anthony Mantha and loses puck.
13:17 of 3rd period - Off-side.
13:18 of 3rd period - Charlie Coyle wins face-off versus Ryan O'Reilly in neutral zone.
13:24 of 3rd period - Alex Iafallo is hit by Ivan Provorov and loses puck.
13:49 of 3rd period - Shot by Teuvo Teravainen.
13:49 of 3rd period - Shot Blocked by Mark Giordano.
13:51 of 3rd period - Shot by Artturi Lehkonen.
13:51 of 3rd period - Stopped by Jake Oettinger without a rebound.
13:52 of 3rd period - Trevor Zegras wins face-off versus Lars Eller in Bruins zone.
14:37 of 3rd period - Icing by Anthony Mantha.
14:38 of 3rd period - Lars Eller wins face-off versus Nicolas Roy in Canadiens zone.
14:44 of 3rd period - Adam Pelech is hit by Dmitry Kulikov and loses puck.
15:21 of 3rd period - Shot by Nicolas Roy.
15:21 of 3rd period - Stopped by Elvis Merzlikins without a rebound.
15:22 of 3rd period - Anze Kopitar wins face-off versus Ryan O'Reilly in Canadiens zone.
15:24 of 3rd period - Bryan Rust is hit by Mattias Ekholm and loses puck.
15:29 of 3rd period - Shot by Andrew Mangiapane.
15:29 of 3rd period - Stopped by Elvis Merzlikins with a rebound.
15:52 of 3rd period - Off-side.
15:53 of 3rd period - Trevor Zegras wins face-off versus Leon Draisaitl in neutral zone.
16:00 of 3rd period - Shot by Tom Wilson.
16:00 of 3rd period - Stopped by Elvis Merzlikins without a rebound.
16:01 of 3rd period - Leon Draisaitl wins face-off versus Brandon Saad in Canadiens zone.
16:01 of 3rd period - Filip Forsberg is hit by Tom Wilson and loses puck.
16:23 of 3rd period - Shot by Tom Wilson.
16:23 of 3rd period - Shot Misses the Net.
16:36 of 3rd period - Minor Penalty to Ryan Suter for Holding.
16:37 of 3rd period - Alexander Kerfoot wins face-off versus Trevor Zegras in Canadiens zone.
16:54 of 3rd period - Shot by Trevor Zegras.
16:54 of 3rd period - Shot Blocked by Jaccob Slavin.
17:31 of 3rd period - Cam Fowler is hit by Mattias Ekholm and loses puck.
17:46 of 3rd period - Shot by Brady Skjei.
17:46 of 3rd period - Shot Blocked by Mattias Ekholm.
17:48 of 3rd period - Shot by Cam Fowler.
17:48 of 3rd period - Shot Blocked by Mattias Ekholm.
17:50 of 3rd period - Shot by Cam Fowler.
17:50 of 3rd period - Deflect By Anze Kopitar.
17:50 of 3rd period - Stopped by Elvis Merzlikins with a rebound.
17:52 of 3rd period - Shot by Brady Skjei.
17:52 of 3rd period - Goal by Brady Skjei - Canadiens : 2 - Bruins : 2.
17:53 of 3rd period - Leon Draisaitl wins face-off versus Charlie Coyle in neutral zone.
18:41 of 3rd period - Icing by Adam Pelech.
18:42 of 3rd period - Anze Kopitar wins face-off versus Leon Draisaitl in Canadiens zone.
19:11 of 3rd period - Shot by Anze Kopitar.
19:11 of 3rd period - Shot Blocked by Adam Pelech.
Goals for this period are 1 for Canadiens vs 1 for Bruins.
Shots for this period are 8 for Canadiens vs 11 for Bruins.

Overtime #1


0:01 of 1st overtime period - Tom Wilson wins face-off versus Ryan O'Reilly in neutral zone.
0:14 of 1st overtime period - Shot by Tom Wilson.
0:14 of 1st overtime period - Stopped by Elvis Merzlikins without a rebound.
0:15 of 1st overtime period - Alexander Kerfoot wins face-off versus Charlie Coyle in Canadiens zone.
0:45 of 1st overtime period - Icing by Brett Pesce.
0:46 of 1st overtime period - Charlie Coyle wins face-off versus Ryan O'Reilly in Bruins zone.
0:51 of 1st overtime period - Shot by Yegor Sharangovich.
0:51 of 1st overtime period - Shot Misses the Net.
1:00 of 1st overtime period - Icing by Artturi Lehkonen.
1:01 of 1st overtime period - Anze Kopitar wins face-off versus Ryan O'Reilly in Canadiens zone.
1:18 of 1st overtime period - Shot by Bryan Rust.
1:18 of 1st overtime period - Shot Misses the Net.
1:20 of 1st overtime period - Shot by Andrew Mangiapane.
1:20 of 1st overtime period - Stopped by Elvis Merzlikins without a rebound.
1:21 of 1st overtime period - Trevor Zegras wins face-off versus Lars Eller in Canadiens zone.
1:51 of 1st overtime period - Shot by Daniel Sprong.
1:51 of 1st overtime period - Shot Misses the Net.
1:52 of 1st overtime period - Minor Penalty to Dmitry Kulikov for Hooking.
1:53 of 1st overtime period - Charlie Coyle wins face-off versus Leon Draisaitl in Bruins zone.
2:32 of 1st overtime period - Shot by Filip Forsberg.
2:32 of 1st overtime period - Stopped by Jake Oettinger without a rebound.
2:33 of 1st overtime period - Ryan O'Reilly wins face-off versus Nicolas Roy in Bruins zone.
2:55 of 1st overtime period - Icing by Mattias Ekholm.
2:56 of 1st overtime period - Charlie Coyle wins face-off versus Teuvo Teravainen in Canadiens zone.
3:47 of 1st overtime period - Shot by Leon Draisaitl.
3:47 of 1st overtime period - Shot Blocked by Brett Pesce.
4:11 of 1st overtime period - Shot by Anze Kopitar.
4:11 of 1st overtime period - Shot Misses the Net.
4:13 of 1st overtime period - Shot by Andrew Mangiapane.
4:13 of 1st overtime period - Shot Misses the Net.
4:55 of 1st overtime period - Icing by Jaccob Slavin.
4:56 of 1st overtime period - Valeri Nichushkin wins face-off versus Trevor Zegras in Canadiens zone.
4:56 of 1st overtime period - Filip Forsberg is hit by Tom Wilson and loses puck.
5:22 of 1st overtime period - Valeri Nichushkin is hit by T.J. Brodie and loses puck.
5:28 of 1st overtime period - Trevor Zegras is hit by Filip Forsberg and loses puck.
5:34 of 1st overtime period - Minor Penalty to Mattias Ekholm for Cross-checking.
5:35 of 1st overtime period - Alexander Kerfoot wins face-off versus Trevor Zegras in Canadiens zone.
5:59 of 1st overtime period - Icing by Andrew Mangiapane.
6:00 of 1st overtime period - Alexander Kerfoot wins face-off versus Trevor Zegras in Bruins zone.
6:58 of 1st overtime period - Off-side.
6:59 of 1st overtime period - Alexander Kerfoot wins face-off versus Anze Kopitar in neutral zone.
7:16 of 1st overtime period - Shot by Tom Wilson.
7:16 of 1st overtime period - Stopped by Elvis Merzlikins without a rebound.
7:17 of 1st overtime period - Alexander Kerfoot wins face-off versus Trevor Zegras in Canadiens zone.
7:17 of 1st overtime period - Alexander Kerfoot is hit by Bryan Rust.
7:35 of 1st overtime period - Shot by Bryan Rust.
7:35 of 1st overtime period - Stopped by Elvis Merzlikins without a rebound.
7:36 of 1st overtime period - Lars Eller wins face-off versus Charlie Coyle in Canadiens zone.
7:50 of 1st overtime period - Off-side.
7:51 of 1st overtime period - Leon Draisaitl wins face-off versus Nicolas Roy in neutral zone.
7:51 of 1st overtime period - Ryan Suter is hit by Nicolas Roy and loses puck.
8:14 of 1st overtime period - Shot by Alex Iafallo.
8:14 of 1st overtime period - Shot Blocked by Ivan Provorov.
8:57 of 1st overtime period - Off-side.
8:58 of 1st overtime period - Ryan O'Reilly wins face-off versus Brandon Saad in neutral zone.
9:02 of 1st overtime period - Ryan O'Reilly is hit by T.J. Brodie and loses puck.
9:12 of 1st overtime period - Minor Penalty to Trevor Zegras for Interference.
9:13 of 1st overtime period - Ryan O'Reilly wins face-off versus Charlie Coyle in Bruins zone.
9:20 of 1st overtime period - Shot by Ryan O'Reilly.
9:20 of 1st overtime period - Shot Misses the Net.
9:22 of 1st overtime period - Shot by Ryan O'Reilly.
9:22 of 1st overtime period - Stopped by Jake Oettinger without a rebound.
9:23 of 1st overtime period - Ryan O'Reilly wins face-off versus Charlie Coyle in Bruins zone.
9:24 of 1st overtime period - Shot by Teuvo Teravainen.
9:24 of 1st overtime period - Shot Misses the Net.
9:26 of 1st overtime period - Shot by Ryan O'Reilly.
9:26 of 1st overtime period - Stopped by Jake Oettinger without a rebound.
9:27 of 1st overtime period - Charlie Coyle wins face-off versus Teuvo Teravainen in Bruins zone.
9:27 of 1st overtime period - Charlie Coyle is hit by Teuvo Teravainen.
9:36 of 1st overtime period - Icing by Ryan O'Reilly.
9:37 of 1st overtime period - Ryan O'Reilly wins face-off versus Yegor Sharangovich in Canadiens zone.
9:48 of 1st overtime period - Shot by Teuvo Teravainen.
9:48 of 1st overtime period - Stopped by Jake Oettinger with a rebound.
9:50 of 1st overtime period - Shot by Teuvo Teravainen.
9:50 of 1st overtime period - Shot Blocked by Jamie Oleksiak.
9:52 of 1st overtime period - Shot by Ryan O'Reilly.
9:52 of 1st overtime period - Stopped by Jake Oettinger with a rebound.
9:54 of 1st overtime period - Shot by Teuvo Teravainen.
9:54 of 1st overtime period - Deflect By Ryan O'Reilly.
9:54 of 1st overtime period - Stopped by Jake Oettinger without a rebound.
9:55 of 1st overtime period - Charlie Coyle wins face-off versus Filip Forsberg in Bruins zone.
10:03 of 1st overtime period - Leon Draisaitl is hit by Jamie Oleksiak and loses puck.
10:20 of 1st overtime period - Shot by Ivan Provorov.
10:20 of 1st overtime period - Shot Misses the Net.
10:22 of 1st overtime period - Shot by Filip Forsberg.
10:22 of 1st overtime period - Stopped by Jake Oettinger with a rebound.
10:24 of 1st overtime period - Shot by Ivan Provorov.
10:24 of 1st overtime period - Stopped by Jake Oettinger without a rebound.
10:25 of 1st overtime period - Nick Paul wins face-off versus Ryan O'Reilly in Bruins zone.
11:38 of 1st overtime period - Shot by Anthony Mantha.
11:38 of 1st overtime period - Stopped by Jake Oettinger without a rebound.
11:39 of 1st overtime period - Trevor Zegras wins face-off versus Alexander Kerfoot in Bruins zone.
12:09 of 1st overtime period - Icing by Ivan Provorov.
12:10 of 1st overtime period - Alexander Kerfoot wins face-off versus Anze Kopitar in Canadiens zone.
13:20 of 1st overtime period - Shot by Charlie Coyle.
13:20 of 1st overtime period - Stopped by Elvis Merzlikins with a rebound.
13:22 of 1st overtime period - Shot by Charlie Coyle.
13:22 of 1st overtime period - Shot Misses the Net.
13:24 of 1st overtime period - Shot by Alex Iafallo.
13:24 of 1st overtime period - Stopped by Elvis Merzlikins without a rebound.
13:25 of 1st overtime period - Brandon Saad wins face-off versus Lars Eller in Canadiens zone.
13:30 of 1st overtime period - Shot by Brandon Saad.
13:30 of 1st overtime period - Goal by Brandon Saad - Canadiens : 2 - Bruins : 3.
Goals for this period are 0 for Canadiens vs 1 for Bruins.
Shots for this period are 9 for Canadiens vs 7 for Bruins.